AoeStats
← IeuWoo

MegaRandom

504342046Analyzed
2v2 RM · 28d ago on Sep 4, 2026· 74m 45s· 4 players
Game mode
Random Map
Map size
Medium (4 player)
Population
200
Speed
Normal
Resources
Standard
Victory
Conquest
Starting age
Dark Age
Ending age
Imperial Age
RankedLock teamsTeams togetherTeam positionsShared explorationLock speedFull tech treeHidden civsTurbo modeCheats
Victory
Defeat
🇬🇧 Mongols · United Kingdom
1171
+15
🇲🇽 Armenians · Mexico
1130
+17
🇵🇾 Bulgarians · Paraguay
1153
-16
🇵🇾 Vietnamese · Paraguay
1153
-16
MOONDERNAR
7:51 Loom
9:39 Feudal Age
14:31 Castle Age
12:59 Double-Bit Axe
14:40 Pikeman
18:06 Horse Collar
21:06 Wheelbarrow
20:59 Heavy Plow
22:32 Forging
22:23 Scale Mail Armor
22:37 Gambesons
22:39 Arson
23:21 Stone Mining
24:24 Hand Cart
24:49 Iron Casting
24:55 Bow Saw
28:17 Imperial Age
26:24 Scale Mail Armor
26:23 Gold Mining
27:09 Stone Shaft Mining
27:57 Scale Barding Armor
28:08 Chain Mail Armor
27:43 Fletching
28:35 Gold Shaft Mining
29:28 Bagains
29:55 Bloodlines
31:54 Blast Furnace
31:26 Plate Mail Armor
32:03 Capped Ram
32:45 Stirrups
33:41 Heavy Scorpion
34:59 Bodkin Arrow
35:25 Chain Barding Armor
35:48 Elite Konnik
40:26 Husbandry
43:32 Siege Ram
44:38 Squires
48:14 Masonry
51:50 Onager
63:32 Light Cavalry
63:35 Cavalier
jaypi
6:52 Loom
12:00 Feudal Age
12:55 Double-Bit Axe
15:11 Town Watch
17:29 Castle Age
16:30 Fletching
16:40 Padded Archer Armor
16:41 Gold Mining
18:11 Bodkin Arrow
19:42 Leather Archer Armor
21:26 Forging
21:16 Scale Mail Armor
23:41 Iron Casting
28:44 Bloodlines
29:28 Chain Mail Armor
32:33 Wheelbarrow
34:38 Husbandry
40:44 Imperial Age
39:24 Chatras
39:44 Arson
39:59 Squires
41:34 Horse Collar
43:09 Bracer
43:38 Ballistics
45:23 Ring Archer Armor
45:17 Thumb Ring
45:49 Plate Mail Armor
46:47 Elite Rattan Archer
47:09 Elite Skirmisher
51:01 Hoardings
54:20 Paper Money
54:40 Light Cavalry
59:57 Scale Barding Armor
61:34 Chain Barding Armor
62:32 Chemistry
67:50 Plate Barding Armor
72:43 Imperial Skirmisher
DrJorgexx
0:48 Loom
12:15 Feudal Age
13:01 Double-Bit Axe
14:51 Wheelbarrow
17:23 Castle Age
15:09 Horse Collar
15:22 Gold Mining
15:37 Scale Mail Armor
15:33 Man-at-Arms
15:59 Arson
16:41 Long Swordsman
17:34 Forging
18:43 Bow Saw
18:44 Heavy Plow
18:23 Two-Handed Swordsman
19:43 Gambesons
20:00 Squires
20:05 Town Watch
23:03 Hand Cart
24:02 Gold Shaft Mining
24:10 Chain Mail Armor
25:04 Stone Mining
24:46 Champion
26:11 Iron Casting
25:19 Crossbowman
26:16 Fletching
26:26 Padded Archer Armor
27:39 Town Patrol
32:10 Imperial Age
32:45 Leather Archer Armor
32:26 Bodkin Arrow
33:07 Fereters
33:34 Plate Mail Armor
33:34 Conscription
33:08 Arbalester
35:16 Blast Furnace
37:50 Bodkin Arrow
38:26 Ring Archer Armor
39:12 Chemistry
38:33 Ballistics
39:52 Capped Ram
40:43 Siege Ram
42:23 Fortified Wall
42:09 Murder Holes
42:25 Masonry
43:45 Bracer
45:08 Coinage
IeuWoo
4:50 Loom
10:03 Feudal Age
14:30 Castle Age
13:14 Horse Collar
13:36 Double-Bit Axe
14:11 Bloodlines
14:09 Stone Mining
16:42 Stone Shaft Mining
18:36 Town Watch
25:15 Scale Barding Armor
28:04 Husbandry
28:16 Forging
31:11 Imperial Age
35:54 Fletching
37:03 Bodkin Arrow
38:57 Bracer
40:15 Wheelbarrow
40:59 Padded Archer Armor
43:10 Leather Archer Armor
45:22 Conscription
44:23 Elite Mangudai
46:46 Hand Cart
46:13 Onager
47:50 Ballistics
47:35 Light Cavalry
50:12 Drill
54:08 Iron Casting
53:54 Chain Barding Armor
53:51 Gold Mining
57:25 Hussar
60:33 Siege Engineers
61:59 Siege Onager
65:14 Chemistry
64:25 Masonry
64:48 Murder Holes
64:58 Town Patrol
64:35 Elite Steppe Lancer
69:53 Blast Furnace
68:56 Heavy Plow
73:14 Thumb Ring
Connection lost

Rejoining the realm…

Still unreachable

The connection could not be restored.

Session expired

The server has moved on; the page needs a fresh start.